 Dungeon Crawl Stone Soup version 0.30-a0-476-g330ca2eb8e (webtiles) character file.

Game seed: 350965760553538059

184 bande the Trooper (level 5, -7/33 HPs)
             Began as a Gargoyle Fighter on Dec 22, 2022.
             Engulfed by a steam dragon's steam (10 damage)
             ... on level 4 of the Dungeon.
             The game lasted 00:03:51 (3077 turns).

bande the Trooper (Gargoyle Fighter)                Turns: 3077, Time: 00:03:52

Health: -7/33      AC: 15    Str: 19    XL:     5   Next: 63%
Magic:  5/5        EV:  5    Int:  9    God:
Gold:   128        SH:  4    Dex: 11    Spells: 4/4 levels left

rFire   . . .      SeeInvis .    a - +0 war axe
rCold   . . .      Faith    .    c - +0 buckler
rNeg    + . .      Spirit   .    i - +0 plate armour
rPois   ∞          Reflect  .    (no helmet)
rElec   +          Harm     .    (no cloak)
rCorr   .          Rampage  .    (no gloves)
Will    .....                    (no boots)
Stlth   ..........               (no amulet)
HPRegen 0.25/turn                (no ring)
MPRegen 0.09/turn                (no ring)

@: no status effects
A: sickness immunity, AC +4, negative energy resistance 1, electricity
resistance, torment resistance 1, petrification resistance
a: no special abilities


You were on level 4 of the Dungeon.
You visited 1 branch of the dungeon, and saw 4 of its levels.

You collected 128 gold pieces.

Inventory:

Hand Weapons
 a - a +0 war axe (weapon)
 q - a +0 war axe
 r - a +0 morningstar
Armour
 c - a +0 buckler (worn)
 i - a +0 plate armour (worn)
Wands
 o - a wand of flame (17)
 s - a wand of light (6)
Scrolls
 e - a scroll of teleportation {unknown}
 f - 2 scrolls of fog {unknown}
 j - a scroll of amnesia {unknown}
 k - a scroll of summoning {unknown}
 l - a scroll of enchant weapon {unknown}
 m - a scroll of vulnerability {unknown}
 n - a scroll of identify {unknown}
Potions
 b - a potion of heal wounds {unknown}
 d - a potion of might
 g - 2 potions of mutation {unknown}
 h - 2 potions of curing {unknown}
 p - a potion of invisibility {unknown}


   Skills:
 + Level 4.1 Fighting
 + Level 3.6 Axes
 + Level 4.1 Armour
 + Level 3.7 Shields
 * Level 1.0 Evocations


You had 4 spell levels left.
You didn't know any spells.
Your spell library contained the following spells:

 Spells                   Type           Power      Damage    Failure   Level
 Ozocubu's Armour         Ice            0%         N/A       100%        3
 Animate Dead             Necr           0%         N/A       100%        4
 Metabolic Englaciation   Hex/Ice        0%         N/A       100%        5
 Simulacrum               Ice/Necr       0%         N/A       100%        6
 Haunt                    Necr/Summ      0%         N/A       100%        7
 Infestation              Necr           0%         N/A       100%        8


Dungeon Overview and Level Annotations

Branches:
Dungeon (4/15)
 Temple: D:4-7

Altars:
The Shining One

Shops:
D:3 ?


Innate Abilities, Weirdness & Mutations

You are immune to sickness and miasma.
Your stone body is resilient. (AC +4)
You are immune to poison.
You resist negative energy. (rN+)
You are resistant to electric shocks. (rElec)
You are resistant to unholy torment.
You are immune to petrification.


Message History

No target in view!
No target in view!
No target in view!
You are engulfed in a cloud of scalding steam.
Really walk into that cloud of steam? [Y]es or [N]o only, please.
Really walk into that cloud of steam? [Y]es or [N]o only, please.
Really walk into that cloud of steam? [Y]es or [N]o only, please.
Really walk into that cloud of steam? [Y]es or [N]o only, please.
Really walk into that cloud of steam? [Y]es or [N]o only, please.
Really walk into that cloud of steam?
Okay, then.
The steam dragon breathes steam at you.
The ball of steam hits you but does no damage.
There is an open door here.
Things that are here:
a +0 club; a +0 robe; a gnoll skeleton
There is a stone staircase leading up here.
The steam dragon breathes steam at you. The ball of steam misses you.
You climb upwards.
There is a stone staircase leading down here.
You start resting.
HP restored.
You climb downwards.
There is a stone staircase leading up here.
The steam dragon breathes steam at you. The ball of steam hits you!
You are engulfed in a cloud of scalding steam.
The steam dragon breathes steam at you. The ball of steam hits you!
* * * LOW HITPOINT WARNING * * *
You hit the steam dragon.
The steam dragon is moderately wounded.
You are engulfed in a cloud of scalding steam.
You die...

..+ +.... ..###### #####...
.......# #.^....# .......#
#......# .......# #......#
[).....# #...)..#
.......######......#
'#.........§.§§§..###############
.#..........§§§§@D[.........D....
.+...).......§§§..#............§.
.#................#..............
.#...<............#.##...########
'###+#####'########.##...##......
...†....#............'....#......
........#............#....#......
........#............#....#......
........#............#....'......


You could see a steam dragon.

Vanquished Creatures
  A gnoll bouda (D:4)
  An orc wizard (D:4)
  4 adders
  3 gnolls
  5 orcs
  3 bats (D:1)
  8 endoplasms
  2 giant cockroaches
  4 goblins
  7 hobgoblins
  3 quokkas
  3 ball pythons
  2 frilled lizards (D:3)
  8 kobolds
  3 rats
57 creatures vanquished.

Notes
Turn   | Place    | Note
-------+----------+-------------------------------------------
     0 | D:1      | bande the Gargoyle Fighter began the quest for the Orb.
     0 | D:1      | Reached XP level 1. HP: 14/14 MP: 1/1
   327 | D:1      | Reached XP level 2. HP: 16/19 MP: 2/2
   980 | D:2      | Reached XP level 3. HP: 24/24 MP: 3/3
  1398 | D:2      | Identified the +0 robe of Herphywn {rElec Str-5 Dex+4}
  1517 | D:3      | Reached XP level 4. HP: 29/29 MP: 4/4
  1662 | D:3      | Found a glowing golden altar of the Shining One.
  1715 | D:3      | Found a faded altar of an unknown god.
  1877 | D:3      | Found Ynuthrubo's Magic Scroll Shoppe.
  2523 | D:4      | Reached XP level 5. HP: 33/33 MP: 5/5
  2694 | D:4      | Reached skill level 1 in Evocations
  2994 | D:4      | Noticed a steam dragon
  3077 | D:4      | Engulfed by a steam dragon's steam

Illustrated notes

Levels and vault maps discovered:
D:1:      dpeg_arrival_simpleton_a, layout_basic, minmay_misc_feat_ornament,
          kennysheep_another_room
D:2:      layout_rooms
D:3:      layout_loops_corners, tso_metal_star,
          shapermc_ecumenical_altar_pompeii, serial_shops, shop
D:4:      layout_gridville, minmay_tree_intersection

Skill      XL: |  1  2  3  4  5 |
---------------+----------------+-----
Axes           | 2 3 |  3.6
Fighting       | 4 |  4.1
Armour         | 4 |  4.1
Evocations     | 1 |  1.0
Shields        | |  3.7

Action                   |  1- 3 |  4- 6 || total
-------------------------+-------+-------++-------
Melee: War axe           |   103 |   105 ||   208
Armor: Scale mail        |    34 |       ||    34
       Plate armour      |    38 |    77 ||   115
Dodge: Dodged            |    38 |    29 ||    67
Block: Buckler           |    24 |    40 ||    64

Table legend: (Time is in decaauts)
 A = Elapsed time spent in this place.
 B = Non-inter-level travel time spent in this place.
 C = Inter-level travel time spent in this place.
 D = Time resting spent in this place.
 E = Time spent auto-exploring this place.
 F = Levels seen in this place.
 G = Mean time per level.
                   A        B        C        D        E       F      G
               +--------+--------+--------+--------+--------+-----+--------+
         Total |   3162 |   3110 |     52 |    487 |   2036 |   4 |  790.5 |
       Dungeon |   3162 |   3110 |     52 |    487 |   2036 |   4 |  790.5 |
               +--------+--------+--------+--------+--------+-----+--------+

Top non-repeatable levels by time:
     D:3: 1103 daAuts
     D:1: 990 daAuts
     D:2: 563 daAuts
     D:4: 505 daAuts
